 Dungeon Crawl Stone Soup version 0.21-a0-216-g6d3fd91 (webtiles) character file.

270 roguesci the Ducker (level 6, -2/46 HPs)
             Began as a Demonspawn Skald on Aug 23, 2017.
             Slain by an ice beast (16 damage)
             ... on level 3 of the Dungeon.
             The game lasted 00:09:36 (3137 turns).

roguesci the Ducker (Demonspawn Skald)              Turns: 3137, Time: 00:09:36

Health: -2/46      AC:  4    Str: 13    XL:     6   Next: 1%
Magic:  0/10       EV: 12    Int: 15    God:
Gold:   164        SH:  0    Dex: 12    Spells: 8/11 levels left

rFire    + . .     SeeInvis .   a - +0 hand axe
rCold    x . .     Gourm    .   (no shield)
rNeg     . . .     Faith    .   b - +0 leather armour
rPois    .         Spirit   +   (helmet restricted)
rElec    .         Reflect  .   t - +0 cloak
rCorr    .         Harm     .   (no gloves)
MR       .....                  (no boots)
Stlth    +.........             l - amulet of regeneration
HPRegen  0.55/turn              p - ring of fire
MPRegen  0.12/turn              (no ring)

@: infused (expiring)
A: horns 2, foul stench 1, magic shield, rot immunity
a: no special abilities


You were on level 3 of the Dungeon.
You were hungry.

You visited 1 branch of the dungeon, and saw 3 of its levels.

You collected 164 gold pieces.

Inventory:

Hand Weapons
 a - a +0 hand axe (weapon)
Missiles
 m - 120 stones (quivered)
Armour
 b - a +0 leather armour (worn)
 i - a +0 ring mail
 t - a +0 cloak (worn)
Jewellery
 l - an amulet of regeneration (around neck)
 p - a ring of fire (left hand)
Scrolls
 e - 5 scrolls of identify {unknown}
 f - a scroll of enchant armour {unknown}
 g - a scroll of remove curse {unknown}
 j - 2 scrolls of amnesia {unknown}
 k - a scroll of blinking {unknown}
 n - a scroll of fear {unknown}
 w - a scroll of magic mapping {unknown}
 x - a scroll of enchant weapon {unknown}
Potions
 h - a potion of ambrosia
 o - a potion of flight {unknown}
 s - a potion of agility {unknown}
 u - a potion of degeneration {unknown}
Books
 c - a book of Battle

   Spells                             Type                      Level
   a - Infusion                       Charms                       1
   b - Shroud of Golubria             Charms/Translocation         2
   c - Song of Slaying                Charms                       2
   d - Spectral Weapon                Hexes/Charms                 3
   e - Regeneration                   Charms/Necromancy            3
Comestibles
 d - 5 bread rations
 q - 5 chunks of flesh
 r - a meat ration
 v - a royal jelly


   Skills:
 + Level 2.6 Fighting
 * Level 3.2 Axes
 + Level 1.6 Armour
 * Level 3.2 Dodging
 + Level 1.1 Stealth
 * Level 3.0 Spellcasting
 + Level 3.0 Charms


You had 8 spell levels left.
You knew the following spells:

 Your Spells              Type           Power        Failure   Level  Hunger
a - Infusion              Chrm           ##..         7%          1    #......
b - Shroud of Golubria    Chrm/Tloc      #.........   21%         2    ##.....


Dungeon Overview and Level Annotations

Branches:
Dungeon (3/15)

Altars:


Innate Abilities, Weirdness & Mutations

You have a pair of horns on your head.
You may emit foul miasma when damaged in melee.
When hurt, damage is shared between your health and your magic reserves.
You are immune to rotting.


Message History

The ice beast is almost dead.
The ice beast hits you but does no damage.
The ice beast looks sick.
You barely miss the ice beast.
The ice beast is almost dead.
The ice beast hits you but does no damage.
You hit the ice beast.
You headbutt the ice beast, but do no damage.
The ice beast is almost dead.
The ice beast hits you. The ice beast freezes you!
You feel a terrible chill!
You closely miss the ice beast.
The ice beast is almost dead.
Your magical infusion is running out.
The ice beast closely misses you.
Okay, then.
You closely miss the ice beast. Your headbutt misses the ice beast.
The ice beast is almost dead.
Your shroud unravels.
The ice beast hits you. The ice beast freezes you!
You feel a terrible chill!
You die...

................'.+..
#...............###..
#.......###########..
####.......# #.....
...........#### #.....
..............# #.....
..............#####.....
..........†...'...'.....
...#..@###...#####.....
#..Y# #...# #..... #...#
#...# #..... #...# #####
###### #...# # #...# #
#...# ######## #####
#....... #.......


You could see an ice beast.

Vanquished Creatures
  A bullfrog (D:3)
  Crazy Yiuf (D:2)
  Terence (D:2)
  Jessica (D:2)
  Robin (D:3)
  2 adders (D:3)
  A gnoll (D:1)
  2 oozes
  A worm (D:2)
  2 dart slugs
  A leopard gecko (D:1)
  4 orcs (D:3)
  3 giant cockroaches (D:1)
  12 goblins
  8 hobgoblins
  6 jackals
  A quokka (D:2)
  A ball python (D:1)
  8 bats
  3 frilled lizards
  7 kobolds
  6 rats
73 creatures vanquished.

Notes
Turn   | Place    | Note
-------+----------+-------------------------------------------
     0 | D:1      | roguesci the Demonspawn Skald began the quest for the Orb.
     0 | D:1      | Reached XP level 1. HP: 16/16 MP: 3/3
    53 | D:1      | Reached skill level 1 in Armour
   448 | D:1      | Gained mutation: You have a pair of small horns on your head. [demonic ancestry]
   448 | D:1      | Reached XP level 2. HP: 22/22 MP: 5/5
   802 | D:1      | Learned a level 2 spell: Shroud of Golubria
   994 | D:1      | Gained mutation: You are immune to rotting. [demonic ancestry]
   994 | D:1      | Reached XP level 3. HP: 22/27 MP: 3/6
  1288 | D:2      | Noticed Terence
  1312 | D:2      | Killed Terence
  1384 | D:2      | Gained mutation: You have a pair of horns on your head. [demonic ancestry]
  1384 | D:2      | Reached XP level 4. HP: 34/34 MP: 7/7
  1776 | D:2      | Noticed Jessica
  1799 | D:2      | Killed Jessica
  2075 | D:2      | Found a runed door.
  2081 | D:2      | Noticed Crazy Yiuf
  2086 | D:2      | Killed Crazy Yiuf
  2086 | D:2      | Gained mutation: You may emit foul miasma when damaged in melee. [demonic ancestry]
  2086 | D:2      | Reached XP level 5. HP: 39/39 MP: 2/9
  2323 | D:3      | Noticed Robin
  2355 | D:3      | Killed Robin
  2597 | D:3      | Reached skill level 1 in Stealth
  2951 | D:3      | Gained mutation: When hurt, damage is shared between your health and your magic reserves. [demonic ancestry]
  2951 | D:3      | Reached XP level 6. HP: 46/46 MP: 0/10
  3125 | D:3      | Noticed an ice beast
  3137 | D:3      | Slain by an ice beast

Vault maps used:
D:1:      lightli_arrival_farm
D:2:      first_bread, uniq_terence, uniq_crazy_yiuf_cottage, uniq_jessica
D:3:      uniq_robin

Skill      XL: |  1  2  3  4  5 |
---------------+----------------+-----
Armour         | 1 |  1.6
Axes           | 2 3 |  3.2
Dodging        | 2 3 |  3.2
Stealth        | 1 |  1.1
Spellcasting   | 3 |  3.0
Charms         | 3 |  3.0
Fighting       | |  2.6

Action                   |  1- 3 |  4- 6 || total
-------------------------+-------+-------++-------
Melee: Hand axe          |    90 |   154 ||   244
       Headbutt          |    12 |    22 ||    34
 Cast: Infusion          |     3 |     5 ||     8
       Shroud of Golubri |     3 |    10 ||    13
  Use: Potion            |       |     2 ||     2
 Stab: Sleeping          |     1 |     1 ||     2
       Distracted        |       |     1 ||     1
  Eat: Chunk             |     2 |     6 ||     8
Armor: Leather armour    |    24 |    41 ||    65
Dodge: Dodged            |    90 |   111 ||   201

Table legend:
 A = Spawn XP
 B = Non-spawn XP
 C = Spawn XP percentage of total XP
 D = Spawn monster count
 E = Non-spawn monster count
 F = Spawn count percentage of total count
 G = Total turns spent on level
                    A         B        C        D         E        F      G
               +---------+---------+-------+---------+---------+-------+---------
         Total |     109 |     277 |  28.2 |      12 |      61 |  16.4 |  3137
               +---------+---------+-------+---------+---------+-------+---------
           D:1 |       6 |      48 |  11.1 |       3 |      18 |  14.3 |  1213
           D:2 |       1 |     156 |   0.6 |       1 |      22 |   4.3 |   982
           D:3 |     102 |      73 |  58.3 |       8 |      21 |  27.6 |   942
               +---------+---------+-------+---------+---------+-------+---------
